 Dungeon Crawl Stone Soup version 0.19.1 (webtiles) character file.

46 Patate the Firebug (level 3, 0/24 HPs)
             Began as a Demonspawn Fire Elementalist on Dec 4, 2016.
             Slain by a quokka (5 damage)
             ... on level 1 of the Dungeon.
             The game lasted 00:08:26 (1376 turns).

Patate the Firebug (Demonspawn Fire Elementalist)   Turns: 1376, Time: 00:08:26

Health: 0/24       AC:  4    Str:  8    XL:     3   Next: 46%
Magic:  2/6        EV: 12    Int: 17    God:
Gold:   93         SH:  0    Dex: 13    Spells: 1 memorised, 5 levels left

rFire  . . .     SeeInvis .     (no weapon)
rCold  . . .     Gourm    .     a - +0 robe
rNeg   . . .     Faith    .     (no shield)
rPois  .         Spirit   .     (no helmet)
rElec  .         Reflect  .     (no cloak)
rCorr  .         Harm     .     (no gloves)
MR     .....                    (no boots)
Stlth  ++........               (no amulet)
                                (no ring)
                                (no ring)

@: no status effects
A: claws 1, yellow scales 1
a: no special abilities


You were on level 1 of the Dungeon.
You were very hungry.

You visited 1 branch of the dungeon, and saw 2 of its levels.

You collected 93 gold pieces.

Inventory:

Hand Weapons
 g - a +0 dagger of venom
Armour
 a - a +0 robe (worn)
Scrolls
 e - a scroll of fog {unknown}
 f - a scroll of random uselessness {unknown}
 h - a scroll of identify {unknown}
Potions
 d - a potion of cancellation {unknown}
 i - a potion of cure mutation {unknown}
 j - a potion of agility {unknown}
Books
 b - a book of Flames

   Spells                             Type                      Level
   a - Flame Tongue                   Conjuration/Fire             1
   b - Throw Flame                    Conjuration/Fire             2
   c - Conjure Flame                  Conjuration/Fire             3
   d - Inner Flame                    Hexes/Fire                   3
   e - Sticky Flame                   Conjuration/Fire             4
   f - Fireball                       Conjuration/Fire             5
Comestibles
 c - a bread ration


   Skills:
 - Level 1.7 Dodging
 - Level 1.7 Stealth
 - Level 0.1 Unarmed Combat
 + Level 2.3 Spellcasting
 + Level 1.8 Conjurations
 + Level 3.5 Fire Magic


You had 5 spell levels left.
You knew the following spells:

 Your Spells              Type           Power        Failure   Level  Hunger
a - Flame Tongue          Conj/Fire      ##...        10%         1    #......


Dungeon Overview and Level Annotations

Branches:
Dungeon (2/15)

Altars:
Gozag
Trog


Innate Abilities, Weirdness & Mutations

You have sharp fingernails.
You are partially covered in yellow scales. (AC +2)


Message History

A bat and a quokka come into view.
The bat moves out of view.
The gnoll throws a stone.
The stone hits you.
There is a stone staircase leading up here.
The quokka closely misses you. The goblin barely misses you.
The quokka barely misses you.
You climb upwards.
There is a stone staircase leading down here.
You barely miss the quokka. The quokka barely misses you.
The gnoll hits you with a club.
You completely miss the quokka. The quokka bites you.
The gnoll hits you with a club.
* * * LOW HITPOINT WARNING * * *
The quokka closely misses you.
You barely miss the quokka. The gnoll closely misses you.
The quokka bites you but does no damage.
Your magical contamination has completely faded away.
You closely miss the quokka. The gnoll closely misses you.
The quokka bites you.
You die...

.#
#.###.#.......#
#.# .#
#.###.#.#####.#
#.# .###
#.......#####.#
#.# ...#
#####......##.#
#.# ##.#
###.##.##.###
#.# ##.######
#.##......# #.#
........#
#.......#.###.#
##.#..#.##
#r##.##.......#
##.#.....###
#@##....#(#####
...........#
#g##.##.#.#
####.....#.#
#g##.##.#.#
####.....#.#
#.....)...#
.........#.#
###########
####.#...#.#
####.......#
.†#####.####
..# #.#


You could see a gnoll, a quokka and a goblin.

Vanquished Creatures
  A gnoll (D:2)
  An ooze (D:1)
  A worm (D:2)
  A dart slug (D:1)
  4 bats
  2 goblins (D:1)
  5 hobgoblins
  5 kobolds
  2 ball pythons (D:2)
  A frilled lizard (D:1)
  5 rats
28 creatures vanquished.

Vanquished Creatures (others)
  A plant (D:2)
1 creature vanquished.

Grand Total: 29 creatures vanquished

Notes
Turn   | Place    | Note
-------+----------+-------------------------------------------
     0 | D:1      | Patate the Demonspawn Fire Elementalist began the quest for the Orb.
     0 | D:1      | Reached XP level 1. HP: 13/13 MP: 3/3
   269 | D:1      | Reached skill level 3 in Fire Magic
   379 | D:1      | Gained mutation: You are partially covered in yellow scales. (AC +2) [demonic ancestry]
   379 | D:1      | Reached XP level 2. HP: 19/19 MP: 3/5
   993 | D:2      | Found a bloodstained altar of Trog.
  1016 | D:2      | Gained mutation: You have sharp fingernails. [demonic ancestry]
  1016 | D:2      | Reached XP level 3. HP: 8/24 MP: 0/6
  1289 | D:2      | Found an opulent altar of Gozag.
  1376 | D:1      | Slain by a quokka

Skill      XL: |  1 |
---------------+----+-----
Fire Magic     | 3 |  3.5
Dodging        | |  1.7
Stealth        | |  1.7
Unarmed Combat | |  0.1
Spellcasting   | |  2.3
Conjurations   | |  1.8

Action                   || total
-------------------------++-------
Melee: Unarmed           ||    45
       Dagger            ||    20
 Cast: Flame Tongue      ||    32
  Eat: Fruit             ||     1
Armor: Robe              ||    29
Dodge: Dodged            ||    78
